Workbook
Name champ_déj_avant: Taxes!$G$3
Name Champ_souper_avant: Taxes!$G$5
Name champs_déj_après: Taxes!$H$3
Name Champs_diner_après: Taxes!$H$4
Name Champs_Diner_avant: Taxes!$G$4
Name Champs_souper_après: Taxes!$H$5
Name CHOIX_DEJ_APRÈS: [1]Taxes!$H$4
Name CHOIX_DEJ_AVANT: [1]Taxes!$G$4
Name LEVIS_MTL: Taxes!$G$6
Name LEVIS_MTL_COVOIT: Taxes!$H$6
Name lt_pId058: 'Tips for completing and Guide'!$A$2
Name lt_pId059: 'Tips for completing and Guide'!$A$3
Name lt_pId060: 'Tips for completing and Guide'!$A$4
Name lt_pId061: 'Tips for completing and Guide'!$A$5
Name lt_pId062: 'Tips for completing and Guide'!$A$6
Name lt_pId064: 'Tips for completing and Guide'!$A$7
Name lt_pId065: 'Tips for completing and Guide'!$A$8

Sheet Expense Report
I4: Consultant name :
B6: Consultants expense report (version Dec. 2022) | I6: DO NOT ENTER DATA IN SHADED CELLS
B8: Select using dropdown menu | I8: Taxes applied on per diem amounts **
I9: Km ** Personal automobile | P9: Meals (per diem) ** | T9: Transportation and lodging (tax included) | Y9: Total Transport and lodging | Z9: Total Transport and lodging (less tax and calculated from province selected)
B10: Day | C10: Month | D10: Year | E10: YYYY/MM/DD | F10: Province/territory | G10: Expenses description | I10: Expense Type | J10: Trip Distance (km) | O10: Amount | P10: Breakfast | Q10: Lunch | R10: Dinner | T10: Lodging | U10: Parking | V10: Air, train, bus… | W10: Cars rental, gas | X10: Taxi
F11: travel | T11: Lodging
B12: Please use the drop down list | H12: Index | K12: Row | L12: Col | M12: Value | N12: Amount
E13: =IFERROR(TEXT(DATE(D13,C13,B13),"aaaa-mm-jj"),"-") -> - | H13: =_xlfn.XLOOKUP(I13,Table_KM[0-Expense Type],Table_KM[0-Index]) -> #N/A | K13: =MATCH(I13,Table_KM[0-Expense Type],0) -> #N/A | L13: =MATCH(E13,Table_KM[#Headers],1) -> #N/A | M13: {=INDEX(Table_KM[#All],K13+1,L13)} -> #N/A | N13: =IFERROR(IF(OR(H13=1,H13=2),M13,J13*M13),"") | O13: =IF(N13="","",IF(N13=0,"",IF(N13<5,5,N13))) | Y13: =SUM(T13:X13) -> 0 | Z13: =IF(Y13=0,0,IFERROR(Y13/(1+VLOOKUP(F13,Taxes!$A:$B,2,FALSE)),"Province Required")) -> 0 | AB13: =IF(Y13=0,0,Y13/(1+VLOOKUP(F13,Taxes!$A:$B,2,FALSE))) -> 0
E14: =IFERROR(TEXT(DATE(D14,C14,B14),"aaaa-mm-jj"),"-") -> - | H14: =_xlfn.XLOOKUP(I14,Table_KM[0-Expense Type],Table_KM[0-Index]) -> #N/A | K14: =MATCH(I14,Table_KM[0-Expense Type],0) -> #N/A | L14: =MATCH(E14,Table_KM[#Headers],1) -> #N/A | M14: {=INDEX(Table_KM[#All],K14+1,L14)} -> #N/A | N14: =IFERROR(IF(OR(H14=1,H14=2),M14,J14*M14),"") | O14: =IF(N14="","",IF(N14=0,"",IF(N14<5,5,N14))) | Y14: =SUM(T14:X14) -> 0 | Z14: =IF(Y14=0,0,IFERROR(Y14/(1+VLOOKUP(F14,Taxes!$A:$B,2,FALSE)),"Province Required")) -> 0 | AB14: =IF(Y14=0,0,Y14/(1+VLOOKUP(F14,Taxes!$A:$B,2,FALSE))) -> 0
E15: =IFERROR(TEXT(DATE(D15,C15,B15),"aaaa-mm-jj"),"-") -> - | H15: =_xlfn.XLOOKUP(I15,Table_KM[0-Expense Type],Table_KM[0-Index]) -> #N/A | K15: =MATCH(I15,Table_KM[0-Expense Type],0) -> #N/A | L15: =MATCH(E15,Table_KM[#Headers],1) -> #N/A | M15: {=INDEX(Table_KM[#All],K15+1,L15)} -> #N/A | N15: =IFERROR(IF(OR(H15=1,H15=2),M15,J15*M15),"") | O15: =IF(N15="","",IF(N15=0,"",IF(N15<5,5,N15))) | Y15: =SUM(T15:X15) -> 0 | Z15: =IF(Y15=0,0,IFERROR(Y15/(1+VLOOKUP(F15,Taxes!$A:$B,2,FALSE)),"Province Required")) -> 0 | AB15: =IF(Y15=0,0,Y15/(1+VLOOKUP(F15,Taxes!$A:$B,2,FALSE))) -> 0
E16: =IFERROR(TEXT(DATE(D16,C16,B16),"aaaa-mm-jj"),"-") -> - | H16: =_xlfn.XLOOKUP(I16,Table_KM[0-Expense Type],Table_KM[0-Index]) -> #N/A | K16: =MATCH(I16,Table_KM[0-Expense Type],0) -> #N/A | L16: =MATCH(E16,Table_KM[#Headers],1) -> #N/A | M16: {=INDEX(Table_KM[#All],K16+1,L16)} -> #N/A | N16: =IFERROR(IF(OR(H16=1,H16=2),M16,J16*M16),"") | O16: =IF(N16="","",IF(N16=0,"",IF(N16<5,5,N16))) | Y16: =SUM(T16:X16) -> 0 | Z16: =IF(Y16=0,0,IFERROR(Y16/(1+VLOOKUP(F16,Taxes!$A:$B,2,FALSE)),"Province Required")) -> 0 | AB16: =IF(Y16=0,0,Y16/(1+VLOOKUP(F16,Taxes!$A:$B,2,FALSE))) -> 0
E17: =IFERROR(TEXT(DATE(D17,C17,B17),"aaaa-mm-jj"),"-") -> - | H17: =_xlfn.XLOOKUP(I17,Table_KM[0-Expense Type],Table_KM[0-Index]) -> #N/A | K17: =MATCH(I17,Table_KM[0-Expense Type],0) -> #N/A | L17: =MATCH(E17,Table_KM[#Headers],1) -> #N/A | M17: {=INDEX(Table_KM[#All],K17+1,L17)} -> #N/A | N17: =IFERROR(IF(OR(H17=1,H17=2),M17,J17*M17),"") | O17: =IF(N17="","",IF(N17=0,"",IF(N17<5,5,N17))) | Y17: =SUM(T17:X17) -> 0 | Z17: =IF(Y17=0,0,IFERROR(Y17/(1+VLOOKUP(F17,Taxes!$A:$B,2,FALSE)),"Province Required")) -> 0 | AB17: =IF(Y17=0,0,Y17/(1+VLOOKUP(F17,Taxes!$A:$B,2,FALSE))) -> 0
E18: =IFERROR(TEXT(DATE(D18,C18,B18),"aaaa-mm-jj"),"-") -> - | H18: =_xlfn.XLOOKUP(I18,Table_KM[0-Expense Type],Table_KM[0-Index]) -> #N/A | K18: =MATCH(I18,Table_KM[0-Expense Type],0) -> #N/A | L18: =MATCH(E18,Table_KM[#Headers],1) -> #N/A | M18: {=INDEX(Table_KM[#All],K18+1,L18)} -> #N/A | N18: =IFERROR(IF(OR(H18=1,H18=2),M18,J18*M18),"") | O18: =IF(N18="","",IF(N18=0,"",IF(N18<5,5,N18))) | Y18: =SUM(T18:X18) -> 0 | Z18: =IF(Y18=0,0,IFERROR(Y18/(1+VLOOKUP(F18,Taxes!$A:$B,2,FALSE)),"Province Required")) -> 0 | AB18: =IF(Y18=0,0,Y18/(1+VLOOKUP(F18,Taxes!$A:$B,2,FALSE))) -> 0
E19: =IFERROR(TEXT(DATE(D19,C19,B19),"aaaa-mm-jj"),"-") -> - | H19: =_xlfn.XLOOKUP(I19,Table_KM[0-Expense Type],Table_KM[0-Index]) -> #N/A | K19: =MATCH(I19,Table_KM[0-Expense Type],0) -> #N/A | L19: =MATCH(E19,Table_KM[#Headers],1) -> #N/A | M19: {=INDEX(Table_KM[#All],K19+1,L19)} -> #N/A | N19: =IFERROR(IF(OR(H19=1,H19=2),M19,J19*M19),"") | O19: =IF(N19="","",IF(N19=0,"",IF(N19<5,5,N19))) | Y19: =SUM(T19:X19) -> 0 | Z19: =IF(Y19=0,0,IFERROR(Y19/(1+VLOOKUP(F19,Taxes!$A:$B,2,FALSE)),"Province Required")) -> 0 | AB19: =IF(Y19=0,0,Y19/(1+VLOOKUP(F19,Taxes!$A:$B,2,FALSE))) -> 0
E20: =IFERROR(TEXT(DATE(D20,C20,B20),"aaaa-mm-jj"),"-") -> - | H20: =_xlfn.XLOOKUP(I20,Table_KM[0-Expense Type],Table_KM[0-Index]) -> #N/A | K20: =MATCH(I20,Table_KM[0-Expense Type],0) -> #N/A | L20: =MATCH(E20,Table_KM[#Headers],1) -> #N/A | M20: {=INDEX(Table_KM[#All],K20+1,L20)} -> #N/A | N20: =IFERROR(IF(OR(H20=1,H20=2),M20,J20*M20),"") | O20: =IF(N20="","",IF(N20=0,"",IF(N20<5,5,N20))) | Y20: =SUM(T20:X20) -> 0 | Z20: =IF(Y20=0,0,IFERROR(Y20/(1+VLOOKUP(F20,Taxes!$A:$B,2,FALSE)),"Province Required")) -> 0 | AB20: =IF(Y20=0,0,Y20/(1+VLOOKUP(F20,Taxes!$A:$B,2,FALSE))) -> 0
E21: =IFERROR(TEXT(DATE(D21,C21,B21),"aaaa-mm-jj"),"-") -> - | H21: =_xlfn.XLOOKUP(I21,Table_KM[0-Expense Type],Table_KM[0-Index]) -> #N/A | K21: =MATCH(I21,Table_KM[0-Expense Type],0) -> #N/A | L21: =MATCH(E21,Table_KM[#Headers],1) -> #N/A | M21: {=INDEX(Table_KM[#All],K21+1,L21)} -> #N/A | N21: =IFERROR(IF(OR(H21=1,H21=2),M21,J21*M21),"") | O21: =IF(N21="","",IF(N21=0,"",IF(N21<5,5,N21))) | Y21: =SUM(T21:X21) -> 0 | Z21: =IF(Y21=0,0,IFERROR(Y21/(1+VLOOKUP(F21,Taxes!$A:$B,2,FALSE)),"Province Required")) -> 0 | AB21: =IF(Y21=0,0,Y21/(1+VLOOKUP(F21,Taxes!$A:$B,2,FALSE))) -> 0
E22: =IFERROR(TEXT(DATE(D22,C22,B22),"aaaa-mm-jj"),"-") -> - | H22: =_xlfn.XLOOKUP(I22,Table_KM[0-Expense Type],Table_KM[0-Index]) -> #N/A | K22: =MATCH(I22,Table_KM[0-Expense Type],0) -> #N/A | L22: =MATCH(E22,Table_KM[#Headers],1) -> #N/A | M22: {=INDEX(Table_KM[#All],K22+1,L22)} -> #N/A | N22: =IFERROR(IF(OR(H22=1,H22=2),M22,J22*M22),"") | O22: =IF(N22="","",IF(N22=0,"",IF(N22<5,5,N22))) | Y22: =SUM(T22:X22) -> 0 | Z22: =IF(Y22=0,0,IFERROR(Y22/(1+VLOOKUP(F22,Taxes!$A:$B,2,FALSE)),"Province Required")) -> 0 | AB22: =IF(Y22=0,0,Y22/(1+VLOOKUP(F22,Taxes!$A:$B,2,FALSE))) -> 0
E23: =IFERROR(TEXT(DATE(D23,C23,B23),"aaaa-mm-jj"),"-") -> - | H23: =_xlfn.XLOOKUP(I23,Table_KM[0-Expense Type],Table_KM[0-Index]) -> #N/A | K23: =MATCH(I23,Table_KM[0-Expense Type],0) -> #N/A | L23: =MATCH(E23,Table_KM[#Headers],1) -> #N/A | M23: {=INDEX(Table_KM[#All],K23+1,L23)} -> #N/A | N23: =IFERROR(IF(OR(H23=1,H23=2),M23,J23*M23),"") | O23: =IF(N23="","",IF(N23=0,"",IF(N23<5,5,N23))) | Y23: =SUM(T23:X23) -> 0 | Z23: =IF(Y23=0,0,IFERROR(Y23/(1+VLOOKUP(F23,Taxes!$A:$B,2,FALSE)),"Province Required")) -> 0 | AB23: =IF(Y23=0,0,Y23/(1+VLOOKUP(F23,Taxes!$A:$B,2,FALSE))) -> 0
E24: =IFERROR(TEXT(DATE(D24,C24,B24),"aaaa-mm-jj"),"-") -> - | H24: =_xlfn.XLOOKUP(I24,Table_KM[0-Expense Type],Table_KM[0-Index]) -> #N/A | K24: =MATCH(I24,Table_KM[0-Expense Type],0) -> #N/A | L24: =MATCH(E24,Table_KM[#Headers],1) -> #N/A | M24: {=INDEX(Table_KM[#All],K24+1,L24)} -> #N/A | N24: =IFERROR(IF(OR(H24=1,H24=2),M24,J24*M24),"") | O24: =IF(N24="","",IF(N24=0,"",IF(N24<5,5,N24))) | Y24: =SUM(T24:X24) -> 0 | Z24: =IF(Y24=0,0,IFERROR(Y24/(1+VLOOKUP(F24,Taxes!$A:$B,2,FALSE)),"Province Required")) -> 0 | AB24: =IF(Y24=0,0,Y24/(1+VLOOKUP(F24,Taxes!$A:$B,2,FALSE))) -> 0
... E47: =IFERROR(TEXT(DATE(D47,C47,B47),"aaaa-mm-jj"),"-") -> - | H47: =_xlfn.XLOOKUP(I47,Table_KM[0-Expense Type],Table_KM[0-Index]) -> #N/A | K47: =MATCH(I47,Table_KM[0-Expense Type],0) -> #N/A | L47: =MATCH(E47,Table_KM[#Headers],1) -> #N/A | M47: {=INDEX(Table_KM[#All],K47+1,L47)} -> #N/A | N47: =IFERROR(IF(OR(H47=1,H47=2),M47,J47*M47),"") | O47: =IF(N47="","",IF(N47=0,"",IF(N47<5,5,N47))) | Y47: =SUM(T47:X47) -> 0 | Z47: =IF(Y47=0,0,IFERROR(Y47/(1+VLOOKUP(F47,Taxes!$A:$B,2,FALSE)),"Province Required")) -> 0 | AB47: =IF(Y47=0,0,Y47/(1+VLOOKUP(F47,Taxes!$A:$B,2,FALSE))) -> 0
B48: Total expenses by types | I48: Personal automobile → | O48: =SUM(O13:O47) -> 0 | P48: Meals → | R48: =SUM(P13:S47) -> 0 | T48: Transport and lodging → | Y48: =SUM(Y13:Y47) -> 0 | Z48: =AB48 -> 0 | AB48: =SUM(AB13:AB47) -> 0
B50: Accounting item | I50: 808113 | P50: 808112 | T50: 808113
B53: Reason for travel and comments, if any | U53: Billing before taxes (to appear on the invoice)
Y54: Meals | Z54: =R48 -> 0
B56: Employee signature | Y56: KM, Transport and lodging | Z56: =O48+Z48 -> 0
B58: Desjardins coordinator approval (required before giving it to your firm) | Z58: =Z54+Z56 -> 0
Y59: Total billed before taxes
T60: ** Note for suppliers : The per diem amounts are taxables. Taxes must be calculated on the Total before taxes.

Sheet Tips for completing and Guide
A2: Tips for completing the Consultant expense report in Excel
A3: 1. You must select the province where the expenses were incurred.
A4: 2. For travel between Montréal–Lévis/Quebec City, enter the lump sum allowance of $110 or $140 in case of carpooling.
A5: 3. For travel outside the Montréal–Lévis/Quebec City corridor, enter the number of kilometers covered in the appropriate section.
A6: 4. Enter the daily meal allowance amounts claimed and other expenses.
A7: 5. For office supplies and mail delivery, consultants must use Desjardins accounts when dealing with our suppliers. Please speak to the administrative assistant in your sector.
A8: 6. Your immediate coordinator at Desjardins must sign the expense report for the expenses to be reimbursed.
A11: GUIDE TO REIMBURSABLE EXPENSES FOR CONSULTANTS
A13: Statement
A15: In the interest of fairness to Desjardins employees and consultants, the Guide to Reimbursable Expenses for Consultants explains the impartial reimbursement of expenses incurred by consultants and advisors in carrying out their duties based on the least-cost model.
A17: Responsibilities
A19: Desjardins coordinators are responsible for applying the specified standards and rates for consultants who are required to travel to fulfil a mandate.
... A95: Call the Procurement and Payments Centre of Expertise at 514-281-7141 or toll-free at 1-855-340-4222.

Sheet Taxes
G1: Perdiem
A2: Prov | B2: Taux prov | D2: Jour | E2: mois | F2: année | G2: avant 1/6/2018 | H2: après 1/6/2018
B3: 0 | D3: 1 | E3: 1 | F3: 2018 | G3: 8 | H3: 12
A4: Colombie Britanique | B4: 0.12 | D4: 2 | E4: 2 | F4: 2019 | G4: 14 | H4: 18
A5: Alberta | B5: 0.05 | D5: 3 | E5: 3 | F5: 2020 | G5: 22 | H5: 32
A6: Saskatchewan | B6: 0.11 | D6: 4 | E6: 4 | F6: 2021 | G6: 90 | H6: 120
A7: Manitoba | B7: 0.13 | D7: 5 | E7: 5 | F7: 2022
A8: Ontario | B8: 0.13 | D8: 6 | E8: 6 | F8: 2023
A9: Québec | B9: 0.14975 | D9: 7 | E9: 7 | F9: 2024
A10: Nouveau Brunswick | B10: 0.15 | D10: 8 | E10: 8 | F10: 2025
A11: Nouvelle Écosse | B11: 0.15 | D11: 9 | E11: 9 | F11: 2026
A12: Prince Édouard | B12: 0.15 | D12: 10 | E12: 10 | F12: 2027
A13: Terre-Neuve | B13: 0.15 | D13: 11 | E13: 11 | F13: 2028
A14: Yukon | B14: 0.05 | D14: 12 | E14: 12 | F14: 2029
A15: Nunavut | B15: 0.05 | D15: 13 | F15: 2030
A16: Territoires Nord-Ouest | B16: 0.05 | D16: 14 | F16: 2031
A17: Etats-Unis | B17: 0 | D17: 15 | F17: 2032
A18: Europe | B18: 0 | D18: 16 | F18: 2033
D19: 17 | F19: 2034
D20: 18 | F20: 2035
D21: 19 | F21: 2036
D22: 20 | F22: 2037
D23: 21 | F23: 2038
D24: 22 | F24: 2039
D25: 23 | F25: 2040
D26: 24 | F26: 2041
D27: 25 | F27: 2042
D28: 26 | F28: 2043
D29: 27 | F29: 2044
D30: 28 | F30: 2045
... D33: 31 | F33: 2048
F34: 2049

Sheet km
A1: 0-Index | B1: 0-Expense Type | C1: 2018-01-01 | D1: 2022-03-28 | E1: 2022-11-01
A2: 1 | B2: LUMP SUM ALLOWANCE (LÉVIS/QC-MTL) | C2: 90 | D2: 90 | E2: 110
A3: 2 | B3: LUMP SUM ALLOWANCE CARPOOLING (LV/QC -MTL) | C3: 120 | D3: 120 | E3: 140
A4: 3 | B4: KM-CARPOOLING ALL VEHICLE TYPES | C4: 0.53 | D4: 0.58 | E4: 0.62
A5: 4 | B5: KM-PERSONAL ELECTRIC VEHICLE | C5: 0.43 | D5: 0.58 | E5: 0.62
A6: 5 | B6: KM-PERSONAL GAS-POWERED VEHICLE | C6: 0.43 | D6: 0.48 | E6: 0.52
A7: 6 | B7: KM-PERSONAL HYBRID VEHICLE | C7: 0.43 | D7: 0.53 | E7: 0.57
